 Dungeon Crawl Stone Soup version 0.31-a0-246-g8cbcc1cb85 (webtiles) character file.

Game seed: 4243328165481133416

102 Iniera the Sneak (level 4, -5/35 HPs)
             Began as a Demonspawn Brigand on July 12, 2023.
             Slain by an ogre
             ... wielding a +0 giant club
              (21 damage)
             ... on level 3 of the Dungeon on July 13, 2023.
             The game lasted 00:02:46 (2362 turns).

Iniera the Sneak (Demonspawn Brigand)               Turns: 2362, Time: 00:02:47

Health: -5/35      AC: 12    Str: 13    XL:     4   Next: 49%
Magic:  0/5        EV:  7    Int: 13    God:
Gold:   140        SH:  4    Dex: 18    Spells: 3/3 levels left

rFire   + . .        a - +2 dagger
rCold   + . .        (no shield)
rNeg    . . .        n - +0 chain mail
rPois   .            k - +2 helmet of Duty {rF+ Dex+4}
rElec   .            c - +0 cloak
rCorr   .            (no gloves)
SInv    .            (no boots)
Will    .....        (no amulet) Stlth
                     p - ring of protection from cold
HPRegen 0.25/turn    (no ring)
MPRegen 0.18/turn

%: guardian spirit
@: no status effects
A: magic shield, magic regeneration, condensation shield
a: no special abilities


You were on level 3 of the Dungeon.
You visited 1 branch of the dungeon, and saw 3 of its levels.

You collected 140 gold pieces.

Inventory:

Hand Weapons
 a - a +2 dagger (weapon)
 l - a +0 scimitar
Missiles
 d - 15 poisoned darts (quivered)
 z - 2 curare-tipped darts
Armour
 c - a +0 cloak (worn)
 k - the +2 helmet of Duty (worn) {rF+ Dex+4}
   (You found it on level 2 of the Dungeon)

   Dex:       It affects your dexterity (+4).
   rF:        It protects you from fire.
 n - a +0 chain mail (worn)
Jewellery
 p - a ring of protection from cold (left hand)
Scrolls
 b - 2 scrolls of poison {unknown}
 f - 2 scrolls of identify {unknown}
 g - a scroll of fog {unknown}
 i - 2 scrolls of teleportation {unknown}
 m - 2 scrolls of amnesia {unknown}
 o - a scroll of butterflies {unknown}
 q - a scroll of enchant weapon {unknown}
Potions
 e - 2 potions of might {unknown}
 h - a potion of resistance {unknown}
 j - a potion of attraction {unknown}


   Skills:
 + Level 3.2 Fighting
 - Level 1.7 Short Blades
 - Level 2.0 Throwing
 + Level 1.1 Armour
 - Level 1.6 Dodging
 - Level 4.0 Stealth
 + Level 2.0 Invocations


You had 3 spell levels left.
You didn't know any spells.
Your spell library contained the following spells:

 Spells                   Type           Power      Damage    Failure   Level
 Scorch                   Fire           0%         2d5       100%        2
 Ozocubu's Armour         Ice            0%         N/A       100%        3
 Flame Wave               Conj/Fire      0%         2d4       100%        4
 Summon Forest            Summ/Tloc      0%         N/A       100%        5
 Summon Mana Viper        Hex/Summ       0%         N/A       100%        5
 Summon Cactus Giant      Summ           0%         N/A       100%        6
 Ozocubu's Refrigeration  Ice            0%         4d7       100%        7


Dungeon Overview and Level Annotations

Branches:
Dungeon (3/15)

Altars:
Fedhas


Innate Abilities, Weirdness & Mutations

When hurt, damage is shared between your health and your magic reserves.
You regenerate magic rapidly.
A meltable shield of frost defends you. (SH +4)


Message History

There is a stone staircase leading down here.
There is a stone staircase leading up here.
A ball python comes into view.
A ball python is nearby!
Okay, then.
You completely miss the ball python.
The ball python bites you but does no damage.
The ball python grabs you. The ball python constricts you.
You hit the ball python.
You kill the ball python!
No target in view!
No target in view!
No target in view!
You see here a ball python corpse.
An ogre comes into view. It is wielding a +0 giant club.
Found a stone staircase leading up.
You see here a scroll labelled FIUDY IWNILA.
An ogre is nearby!
The ogre hits you with a +0 giant club!!
Ouch! That really hurt!
You are too injured to fight recklessly!
You are too injured to fight recklessly!
You are too injured to fight recklessly!
You are too injured to fight recklessly!
Okay, then.
Okay, then.
Throw: 3 darts (curare)
Press: ? - help, Shift-Dir - straight line, f - ogre
Aim: an ogre, wielding a +0 giant club (77% to hit)
You throw a curare-tipped dart. The curare-tipped dart hits the ogre.
The ogre is poisoned.
The ogre convulses.
The ogre seems to slow down.
The ogre is moderately wounded.
You hit the ogre but do no damage.
The ogre is heavily wounded.
You hit the ogre.
The ogre is heavily wounded.
The ogre hits you with a +0 giant club!!
Ouch! That really hurt!
You die...

.....###......##
...............#
.....###.......#
..[............#
#.#.####.......#
...........###.###
########...###.#.#
# .........?.# #
#########.#@# #
#.#O# # ..#.# #
.#.#.# #<###.# #
#.# #.# #.#


You could see an ogre (very poisoned, slow).

Vanquished Creatures
  An orc wizard (D:3)
  An adder (D:3)
  A worm (D:2)
  2 dart slugs
  6 orcs (D:3)
  5 bats
  5 endoplasms
  A giant cockroach (D:3)
  5 goblins
  6 hobgoblins
  4 quokkas
  5 ball pythons
  3 frilled lizards
  5 kobolds
  3 rats
53 creatures vanquished.

Notes
Turn   | Place    | Note
-------+----------+-------------------------------------------
     0 | D:1      | Iniera the Demonspawn Brigand began the quest for the Orb.
     0 | D:1      | Reached XP level 1. HP: 16/16 MP: 1/1
    73 | D:1      | Reached skill level 1 in Dodging
   219 | D:1      | Gained mutation: You regenerate magic rapidly. [demonic
                  | ancestry]
   219 | D:1      | Reached XP level 2. HP: 22/22 MP: 2/2
  1070 | D:2      | Found a blossoming altar of Fedhas.
  1131 | D:2      | Identified the +2 helmet of Duty {rF+ Dex+4}
  1179 | D:2      | Gained mutation: When hurt, damage is shared between your
                  | health and your magic reserves. [demonic ancestry]
  1179 | D:2      | Reached XP level 3. HP: 22/28 MP: 3/3
  1184 | D:2      | Reached skill level 4 in Stealth
  1850 | D:3      | Reached skill level 1 in Invocations
  1867 | D:3      | Gained mutation: A meltable shield of frost defends you.
                  | (SH +4) [demonic ancestry]
  1867 | D:3      | Reached XP level 4. HP: 21/35 MP: 2/5
  1992 | D:3      | Reached skill level 1 in Armour
  2358 | D:3      | Noticed an ogre
  2362 | D:3      | Slain by an ogre

Illustrated notes

Levels and vault maps discovered:
D:1:      minmay_arrival_split_and_join, layout_basic
D:2:      layout_basic, basic_altar, st_stairs_5
D:3:      layout_basic, serial_shops, shop, chequers_avenue

Skill      XL: |  1  2  3  4 |
---------------+-------------+-----
Dodging        | 1 |  1.6
Throwing       | 2 |  2.0
Stealth        | 4 |  4.0
Invocations    | 1 2 |  2.0
Fighting       | 3 |  3.2
Armour         | 1 |  1.1
Short Blades   | |  1.7

Action                     |  1- 3 |  4- 6 || total
---------------------------+-------+-------++-------
  Melee: Dagger            |   141 |    45 ||   186
         Punch             |     1 |     1 ||     2
  Throw: Dart              |    15 |     4 ||    19
   Stab: Sleeping          |     3 |       ||     3
 Armour: Robe              |    10 |       ||    10
         Ring mail         |    18 |       ||    18
         Chain mail        |    17 |    18 ||    35
  Dodge: Dodged            |    54 |    13 ||    67
  Block: Other             |       |     5 ||     5

Table legend: (Time is in decaauts)
 A = Elapsed time spent in this place.
 B = Non-inter-level travel time spent in this place.
 C = Inter-level travel time spent in this place.
 D = Time resting spent in this place.
 E = Time spent auto-exploring this place.
 F = Levels seen in this place.
 G = Mean time per level.
                   A        B        C        D        E       F      G
               +--------+--------+--------+--------+--------+-----+--------+
         Total |   2343 |   2254 |     89 |      0 |   1798 |   3 |  781.0 |
       Dungeon |   2343 |   2254 |     89 |      0 |   1798 |   3 |  781.0 |
               +--------+--------+--------+--------+--------+-----+--------+

Top non-repeatable levels by time:
     D:1: 1056 daAuts
     D:2: 689 daAuts
     D:3: 596 daAuts
